 Dungeon Crawl Stone Soup version 0.24-a0-217-g1152973 (webtiles) character file.

Game seed: 4221516359859560852

487 MatthieuS the Sneak (level 7, -1/40 HPs)
             Began as a Kobold Enchanter on Mar 29, 2019.
             Slain by Duvessa (5 damage)
             ... on level 4 of the Dungeon.
             The game lasted 00:13:54 (4406 turns).

MatthieuS the Sneak (Kobold Enchanter)              Turns: 4406, Time: 00:13:55

Health: -1/40      AC:  3    Str:  7    XL:     7   Next: 36%
Magic:  5/12       EV: 16    Int: 17    God:
Gold:   143        SH:  0    Dex: 17    Spells: 0/12 levels left

rFire    . . .     SeeInvis .   a - +1 dagger (vamp) {!w}
rCold    . . .     Gourm    .   (shield restricted)
rNeg     . . .     Faith    .   n - +0 leather armour
rPois    .         Spirit   .   (no helmet)
rElec    .         Reflect  .   o - +0 cloak
rCorr    .         Harm     .   (no gloves)
MR       +....                  k - +0 pair of boots
Stlth    +++.......             (no amulet)
HPRegen  0.13/turn              l - ring of protection from magic
MPRegen  0.13/turn              (no ring)

@: very slightly contaminated
A: small, claws 1, thin skeletal structure 1, carnivore, deformed body
a: no special abilities


You were on level 4 of the Dungeon.
You were completely stuffed.

You visited 1 branch of the dungeon, and saw 4 of its levels.

You collected 143 gold pieces.

Inventory:

Hand Weapons
 a - a +1 vampiric dagger (weapon) {!w}
   (You found it on level 1 of the Dungeon)
 p - a +0 rapier
   (You found it on level 3 of the Dungeon)
Armour
 k - a +0 pair of boots (worn)
   (You found it on level 2 of the Dungeon)
 n - a +0 leather armour (worn)
   (You found it on level 2 of the Dungeon)
 o - a +0 cloak (worn)
   (You found it on level 3 of the Dungeon)
Jewellery
 l - a ring of protection from magic (left claw)
   (You found it on level 2 of the Dungeon)
Wands
 v - a wand of digging (6)
   (You took it off Ijyb on level 4 of the Dungeon)
Scrolls
 d - a scroll of magic mapping
 h - 2 scrolls of fog
Potions
 f - 2 potions of magic {unknown}
 g - 2 potions of flight {unknown}
 i - a potion of brilliance {unknown}
 j - a potion of haste {@q3}
Comestibles
 e - 4 rations


   Skills:
 + Level 2.6 Fighting
 + Level 3.8 Short Blades
 + Level 4.0 Dodging
 + Level 5.5 Stealth
 + Level 3.4 Spellcasting
 + Level 4.0 Hexes
 + Level 2.2 Ice Magic


You couldn't memorise any spells.
You knew the following spells:

 Your Spells              Type           Power        Failure   Level  Hunger
a - Corona                Hex            ###....      4%          1    None
b - Ensorcelled Hibernat  Hex/Ice        ##....       11%         2    ##.....
c - Tukima's Dance        Hex            ###.....     14%         3    ###....
d - Dazzling Spray        Conj/Hex       #.....       32%         3    ###....
x - Confuse               Hex            ###.....     14%         3    ###....

Your spell library contained the following spells:

 Spells                   Type           Power        Failure   Level  Hunger


Dungeon Overview and Level Annotations

Branches:
Dungeon (4/15)
 Temple: D:4-7

Altars:
Qazlal
Uskayaw
Zin
The Shining One

Annotations:
D:4 3 runed translucent doors, Duvessa; Eustachio; elbee's ghost, novice TrBe


Innate Abilities, Weirdness & Mutations

You are small and have problems with some larger weapons.
You are carnivorous and can eat meat at any time.
You have sharp fingernails.
You have a somewhat thin skeletal structure. (Dex +2, Stealth)
Armour fits poorly on your strangely shaped body.


Message History

You finish memorising.
Spell assigned to 'x'.
Memorise Tukima's Dance, consuming 3 spell levels and leaving 3?
You start memorising the spell.
You continue memorising. x3
You finish memorising.
Spell assigned to 'c'.
Memorise Dazzling Spray, consuming 3 spell levels and leaving 0?
You start memorising the spell.
You continue memorising. x3
You finish memorising.
Spell assigned to 'd'.
You climb downwards.
Level annotation: 3 runed translucent doors, Duvessa; Eustachio; elbee's ghost, novice TrBe
There is a stone staircase leading up here.
You enter the shallow water.
Moving in this stuff is going to be slow.
You enter the shallow water.
Moving in this stuff is going to be slow.
You enter the shallow water.
Moving in this stuff is going to be slow.
Duvessa goes berserk!
You hear an angry hiss.
Duvessa is too close now for your liking.
Okay, then.
Okay, then.
Aim: Duvessa, wielding a -1 short sword and wearing a +0 leather armour (berserk, fast, unusually strong, chance to defeat MR: 36%) Duvessa easily resists.
You hear an angry hiss.
Aim: Duvessa, wielding a -1 short sword and wearing a +0 leather armour (berserk, fast, unusually strong, chance to defeat MR: 36%)
You miscast Tukima's Dance.
You are very lightly contaminated with residual magic.
Nothing appears to happen.
Aim: Duvessa, wielding a -1 short sword and wearing a +0 leather armour (berserk, fast, unusually strong, chance to defeat MR: 36%)
The cursed -1 short sword dances into the air!
Duvessa hits you! Duvessa barely misses you.
You hit Duvessa but do no damage. Duvessa hits you.
You closely miss Duvessa. Duvessa completely misses you.
Your -1 short sword hits Duvessa but does no damage.
Duvessa hits your -1 short sword!
You strike the helpless Duvessa from behind!
You puncture Duvessa! Duvessa hits you!
* * * LOW HITPOINT WARNING * * *
Duvessa rages.
Duvessa closely misses you. Duvessa misses you.
You hear an angry hiss.
Duvessa hits you.
* * * LOW HITPOINT WARNING * * *
Duvessa hits you.
* * * LOW HITPOINT WARNING * * *
You feel better. Duvessa hits you!
* * * LOW HITPOINT WARNING * * *
Duvessa hits you.
You die...

...............[..##
#### ...#####........l##
#.# .###
#.........###### #.# .#
##.............###.##
.## #..#...............#
..# #...###..########..#
..## #...# #..# #.##
...# ##..###.e## #.#
...# #....#..@.## #.##
.### ##.........# #..#
## ####..#...## ##..##
≈# #........####.##.#
#≈## #.#####...##.#####
##≈≈≈# #.# ##....##
#≈≈≈≈# #.# ##...#
#≈≈≈≈######.#######..##
#≈≈≈≈#..≈.≈....≈..≈.#.##


You could see Duvessa (berserk) and an iguana (wandering).

Vanquished Creatures
  Dowan (D:4)
  2 orc priests (D:4)
  A centaur skeleton (D:4)
  Jessica (D:2)
  Ijyb (D:4)
  Natasha (thrice) (D:2)
  An orc wizard (D:4)
  3 worker ants (D:4)
  6 adders
  An ooze (D:2)
  3 worms
  A dart slug (D:3)
  4 leopard geckos
  3 orcs
  4 bats (D:2)
  4 giant cockroaches
  4 goblins
  8 hobgoblins
  7 jackals
  2 quokkas
  2 frilled lizards
  A kobold (D:2)
  5 rats
68 creatures vanquished.

Vanquished Creatures (others)
  A dancing weapon (D:4)
1 creature vanquished.

Grand Total: 69 creatures vanquished

Notes
Turn   | Place    | Note
-------+----------+-------------------------------------------
     0 | D:1      | MatthieuS the Kobold Enchanter began the quest for the Orb.
     0 | D:1      | Reached XP level 1. HP: 10/10 MP: 3/3
   587 | D:1      | Reached XP level 2. HP: 10/16 MP: 3/5
   981 | D:2      | Noticed Jessica
   983 | D:2      | Reached XP level 3. HP: 20/20 MP: 6/6
  1097 | D:1      | Learned a level 2 spell: Ensorcelled Hibernation
  1117 | D:2      | Killed Jessica
  1117 | D:2      | Reached skill level 1 in Fighting
  1340 | D:2      | Reached XP level 4. HP: 25/25 MP: 0/7
  1824 | D:2      | Noticed Natasha
  1830 | D:2      | Killed Natasha
  1830 | D:2      | Reached skill level 1 in Ice Magic
  1830 | D:2      | Reached XP level 5. HP: 24/29 MP: 5/9
  1862 | D:2      | Noticed Natasha
  1865 | D:2      | Killed Natasha
  1934 | D:2      | Found a glowing golden altar of the Shining One.
  2193 | D:2      | Noticed Natasha
  2200 | D:2      | Killed Natasha
  2388 | D:3      | Reached XP level 6. HP: 35/35 MP: 10/10
  3216 | D:4      | Upgraded the game from 0.24-a0-212-g90687ab to
                  | 0.24-a0-217-g1152973
  3236 | D:4      | Reached skill level 5 in Stealth
  3320 | D:4      | Found a runed translucent gate.
  3320 | D:4      | Found a runed translucent gate.
  3320 | D:4      | Found a runed translucent gate.
  3552 | D:4      | Found a stormy altar of Qazlal.
  3570 | D:4      | Noticed Ijyb
  3577 | D:4      | Killed Ijyb
  3623 | D:4      | Found a hide-covered altar of Uskayaw.
  3624 | D:4      | Found a glowing silver altar of Zin.
  3634 | D:4      | Noticed an ice beast
  3637 | D:4      | Noticed elbee's ghost (novice TrBe)
  4063 | D:4      | Gained mutation: Your body sometimes deteriorates upon
                  | taking damage. [potion of mutation]
  4063 | D:4      | Gained mutation: Armour fits poorly on your strangely
                  | shaped body. [potion of mutation]
  4063 | D:4      | Gained mutation: Your muscles are strong. (Str +2) [potion
                  | of mutation]
  4064 | D:4      | Lost mutation: Your body sometimes deteriorates upon taking
                  | damage. [potion of mutation]
  4064 | D:4      | Lost mutation: Your muscles are strong. (Str +2) [potion of
                  | mutation]
  4064 | D:4      | Gained mutation: You have sharp fingernails. [potion of
                  | mutation]
  4064 | D:4      | Gained mutation: You have a somewhat thin skeletal
                  | structure. (Dex +2, Stealth) [potion of mutation]
  4067 | D:4      | Reached XP level 7. HP: 23/40 MP: 0/11
  4129 | D:4      | Noticed Duvessa
  4129 | D:4      | Noticed Dowan
  4183 | D:4      | Noticed Eustachio
  4198 | D:4      | Killed Dowan
  4321 | D:3      | Learned a level 3 spell: Confuse
  4325 | D:3      | Learned a level 3 spell: Tukima's Dance
  4329 | D:3      | Learned a level 3 spell: Dazzling Spray
  4406 | D:4      | Slain by Duvessa

Levels and vault maps discovered:
D:1:      lightli_arrival_chessboard, layout_rooms
D:2:      layout_basic, marbit_many_paths, uniq_natasha, uniq_jessica
D:3:      layout_basic, first_ration, palyth_stone_intersect
D:4:      layout_layer_cave, nicolae_qazlal_eye_of_the_storm,
          gammafunk_temple_overflow_statue, serial_rivers,
          chequers_serial_rivers_small_b, chequers_serial_rivers_small_a,
          chequers_serial_rivers_small_a, chequers_serial_rivers_large_a,
          gammafunk_ghost_icy, uniq_eustachio, uniq_duvessa, uniq_ijyb

Skill      XL: |  1  2  3  4  5  6  7 |
---------------+----------------------+-----
Short Blades   | 2 3 |  3.8
Fighting       | 1 2 |  2.6
Dodging        | 3 4 |  4.0
Ice Magic      | 1 2 |  2.2
Spellcasting   | 3 |  3.4
Stealth        | 5 |  5.5
Hexes          | 4 |  4.0

Action                   |  1- 3 |  4- 6 |  7- 9 || total
-------------------------+-------+-------+-------++-------
Melee: Dagger            |    80 |   187 |    16 ||   283
 Cast: Corona            |    11 |     2 |       ||    13
       Ensorcelled Hiber |     6 |    39 |     7 ||    52
       Tukima's Dance    |       |       |     2 ||     2
  Use: Scroll            |     2 |     6 |     1 ||     9
       Potion            |       |     3 |     1 ||     4
 Stab: Sleeping          |     5 |    30 |     3 ||    38
       Distracted        |       |       |     1 ||     1
  Eat: Chunk             |    11 |    14 |     2 ||    27
Armor: Robe              |    10 |       |       ||    10
       Leather armour    |       |    37 |       ||    37
Dodge: Dodged            |    64 |   159 |    12 ||   235

Table legend:
 A = Non-vault XP
 B = Vault XP
 C = Vault XP percentage of total XP
 D = Non-vault monster count
 E = Vault monster count
 F = Vault count percentage of total count
                 A         B        C        D         E       F
            +---------+---------+-------+---------+---------+-------
      Total |     517 |     180 |  25.8 |      63 |       5 |   7.4
            +---------+---------+-------+---------+---------+-------
        D:1 |      18 |       0 |   0.0 |       9 |       0 |   0.0
        D:2 |     140 |      77 |  35.5 |      24 |       3 |  11.1
        D:3 |      44 |       0 |   0.0 |      10 |       0 |   0.0
        D:4 |     315 |     103 |  24.6 |      20 |       2 |   9.1
            +---------+---------+-------+---------+---------+-------
